 Dungeon Crawl Stone Soup version 0.29-a0-506-ga2e7fffb44 (webtiles) character file.

Game seed: 17169768122992699337

191 frimble the Grasshopper (level 5, -3/43 HPs)
             Began as a Gnoll Warper on May 29, 2022.
             Slain by a river rat (8 damage)
             ... in a sewer.
             The game lasted 00:05:50 (3514 turns).

frimble the Grasshopper (Gnoll Warper)              Turns: 3514, Time: 00:05:50

Health: -3/43      AC:  3    Str: 11    XL:     5   Next: 70%
Magic:  12/12      EV: 12    Int: 14    God:
Gold:   68         SH:  0    Dex: 11    Spells: 12/14 levels left

rFire   . . .      SeeInvis +   a - +0 short sword
rCold   . . .      Faith    .   (no shield)
rNeg    . . .      Spirit   .   k - +0 leather armour
rPois   .          Reflect  .   (no helmet)
rElec   .          Harm     .   (no cloak)
rCorr   .          Rampage  .   (no gloves)
Will    .....                   (no boots)
Stlth   +.........              (no amulet)
HPRegen 0.14/turn               j - ring of see invisible
MPRegen 0.13/turn               (no ring)

@: flying, invisible
A: fangs 1, strong nose, distributed training
a: no special abilities


You were in a sewer.
You visited 1 branch of the dungeon, and saw 3 of its levels.
You also visited: Sewer.

You collected 167 gold pieces.
You spent 99 gold pieces at shops.

Inventory:

Hand Weapons
 a - a +0 short sword (weapon)
 b - a +1 hunting sling
Missiles
 d - 5 boomerangs of dispersal (quivered)
Armour
 k - a +0 leather armour (worn)
Jewellery
 j - a ring of see invisible (left hand)
Scrolls
 c - a scroll of identify
 f - a scroll of noise
 o - a scroll of vulnerability
 p - a scroll of teleportation
Potions
 g - 2 potions of invisibility
 h - a potion of might {unknown}
 i - a potion of mutation {unknown}
 l - a potion of attraction
 m - a potion of curing
 n - 2 potions of degeneration {unknown}


   Skills:
 + Level 4.8 Fighting
 + Level 4.8 Short Blades
 + Level 1.6 Long Blades
 + Level 1.6 Axes
 + Level 1.6 Maces & Flails
 + Level 1.6 Polearms
 + Level 1.6 Staves
 + Level 1.6 Slings
 + Level 1.6 Bows
 + Level 1.6 Crossbows
 + Level 3.0 Throwing
 + Level 3.0 Armour
 + Level 4.8 Dodging
 + Level 1.6 Stealth
 + Level 1.6 Shields
 + Level 1.6 Unarmed Combat
 + Level 5.2 Spellcasting
 + Level 1.2 Conjurations
 + Level 1.2 Hexes
 + Level 1.2 Summonings
 + Level 1.2 Necromancy
 + Level 5.5 Translocations
 + Level 1.2 Transmutations
 + Level 1.2 Fire Magic
 + Level 1.2 Ice Magic
 + Level 1.2 Air Magic
 + Level 1.2 Earth Magic
 + Level 1.2 Poison Magic
 + Level 1.8 Invocations
 + Level 1.6 Evocations


You had 12 spell levels left.
You knew the following spells:

 Your Spells              Type           Power      Damage    Failure   Level
a - Blink                 Tloc           38%        N/A       3%          2

Your spell library contained the following spells:

 Spells                   Type           Power      Damage    Failure   Level
 Gell's Gravitas          Tloc           19%        N/A       7%          3
 Lesser Beckoning         Tloc           19%        N/A       7%          3
 Teleport Other           Tloc           19%        N/A       7%          3
 Foxfire                  Conj/Fire      28%        2x1d5     13%         1
 Manifold Assault         Tloc           19%        N/A       52%         5


Dungeon Overview and Level Annotations

Branches:
Dungeon (3/15)              Sewer (1/1)

Altars:
Dithmenos

Shops:
D:2 (!?*


Innate Abilities, Weirdness & Mutations

You have very sharp teeth.
Your uncanny sense of smell can sniff out nearby items.
Your experience applies equally to all skills.


Message History

The river rat completely misses your bat.
Your bat barely misses the river rat.
It was a potion of invisibility.
You fade into invisibility!
Your bat hits the river rat but does no damage.
Your bat closely misses the river rat.
The river rat closely misses your bat. x2
Your bat hits the river rat but does no damage.
a - a +0 short sword (weapon)
Your bat hits the river rat but does no damage.
The river rat bites your bat. The river rat barely misses your bat.
You swap places.
The river rat bites you!
* * * LOW HITPOINT WARNING * * *
You feel better. The river rat bites you.
* * * LOW HITPOINT WARNING * * *
The river rat misses you.
You hit the river rat.
The river rat is moderately wounded.
You hit the river rat but do no damage.
The river rat is moderately wounded.
The river rat misses you. The river rat barely misses you.
You hit the river rat.
The river rat is moderately wounded.
The river rat misses you. The river rat barely misses you.
You hit the river rat but do no damage.
The river rat is moderately wounded.
The river rat barely misses you. The river rat closely misses you.
You hit the river rat but do no damage.
The river rat is moderately wounded.
The river rat bites you.
* * * LOW HITPOINT WARNING * * *
A river rat and a rat come into view.
You swap places.
Something misses your bat.
The helpless river rat fails to defend itself.
You puncture the river rat!
The river rat is severely wounded.
Something bites your bat!
Your bat dies!
Your bat's corpse dissolves into shadows!
The river rat bites you!
You die...

## .. ∆ . ## ≈# #.# ####.#
#.###.#r# #.rr#@# ##.#.##
#r#r.# ##.#.#.# #†###r## #.# #
########≈######################
≈≈≈≈#≈≈.≈†≈..≈≈†≈≈≈.≈≈≈≈≈≈≈≈≈≈≈
≈≈≈≈#≈≈...≈..≈...÷≈≈≈≈.≈≈.≈≈...


You could see 2 river rats and a rat (asleep).

Vanquished Creatures
  An ogre (D:3)
  A gnoll (D:1)
  4 adders
  A worm (D:2)
  A dart slug (D:1)
  An orc (D:3)
  5 endoplasms
  A giant cockroach (D:1)
  4 goblins
  6 hobgoblins
  A quokka (D:2)
  9 ball pythons
  6 bats
  6 frilled lizards
  9 kobolds
  7 rats
63 creatures vanquished.

Vanquished Creatures (others)
  A fungus (D:1)
  A plant (D:1)
2 creatures vanquished.

Grand Total: 65 creatures vanquished

Notes
Turn   | Place    | Note
-------+----------+-------------------------------------------
     0 | D:1      | frimble the Gnoll Warper began the quest for the Orb.
     0 | D:1      | Reached XP level 1. HP: 20/20 MP: 6/6
   327 | D:1      | Reached XP level 2. HP: 14/26 MP: 7/7
   330 | D:1      | Learned a level 2 spell: Blink
   877 | D:1      | Found a faded altar of an unknown god.
   886 | D:1      | Got Plato's Catalogue of Fire
   988 | D:1      | Reached XP level 3. HP: 31/31 MP: 9/9
  1092 | D:2      | Reached skill level 5 in Spellcasting
  1152 | D:2      | Reached skill level 1 in Invocations
  1395 | D:2      | Found Nyrch's Distillery.
  1413 | D:2      | Bought a potion of attraction for 30 gold pieces
  1413 | D:2      | Bought a potion of curing for 30 gold pieces
  1463 | D:2      | Found Kobeun's Weapon Shop.
  1663 | D:2      | Found Tuph's Magic Scroll Shoppe.
  1675 | D:2      | Bought a scroll of teleportation for 39 gold pieces
  1689 | D:2      | Found Habeul's Assorted Antiques.
  1730 | D:2      | Reached skill level 1 in Long Blades
  1730 | D:2      | Reached skill level 1 in Axes
  1730 | D:2      | Reached skill level 1 in Maces & Flails
  1730 | D:2      | Reached skill level 1 in Polearms
  1730 | D:2      | Reached skill level 1 in Staves
  1730 | D:2      | Reached skill level 1 in Slings
  1730 | D:2      | Reached skill level 1 in Bows
  1730 | D:2      | Reached skill level 1 in Crossbows
  1730 | D:2      | Reached skill level 1 in Stealth
  1730 | D:2      | Reached skill level 1 in Shields
  1730 | D:2      | Reached skill level 1 in Unarmed Combat
  1730 | D:2      | Reached skill level 1 in Evocations
  2052 | D:1      | Reached XP level 4. HP: 29/38 MP: 11/11
  2183 | D:1      | HP: 1/38 [gnoll/+0 halberd (7)]
  2681 | D:3      | Noticed an ogre
  2879 | D:3      | Killed an ogre
  2880 | D:3      | Reached skill level 1 in Conjurations
  2880 | D:3      | Reached skill level 1 in Hexes
  2880 | D:3      | Reached skill level 1 in Summonings
  2880 | D:3      | Reached skill level 1 in Necromancy
  2880 | D:3      | Reached skill level 1 in Transmutations
  2880 | D:3      | Reached skill level 1 in Fire Magic
  2880 | D:3      | Reached skill level 1 in Ice Magic
  2880 | D:3      | Reached skill level 1 in Air Magic
  2880 | D:3      | Reached skill level 1 in Earth Magic
  2880 | D:3      | Reached skill level 1 in Poison Magic
  2880 | D:3      | Reached XP level 5. HP: 12/43 MP: 6/12
  2963 | D:3      | Found a shadowy altar of Dithmenos.
  3048 | D:3      | Found a glowing drain.
  3057 | Sewer    | Entered a sewer
  3514 | Sewer    | Slain by a river rat

Illustrated notes

Levels and vault maps discovered:
D:1:      minmay_arrival_open_corners, layout_rooms,
          shapermc_ecumenical_altar_rom_forum, minmay_misc_feat_nine_boxes
D:2:      layout_basic, serial_shops, shop, nicolae_shop_bloodbath_and_beyond,
          nicolae_shop_window_shopping, shop
D:3:      layout_rooms, grunt_dithmenos_smoke_and_mirrors, portal_sewer_entry_d,
          chequers_serial_rivers_micro_b, ebering_dispersal_statue_hall,
          grunt_ministairs_2, dreamdust_princess_corridor
Sewer:    sewer_co_cracked_pipes

Skill      XL: |  1  2  3  4 |
---------------+-------------+-----
Spellcasting   | 5 |  5.2
Invocations    | 1 |  1.8
Long Blades    | 1 |  1.6
Axes           | 1 |  1.6
Maces & Flails | 1 |  1.6
Polearms       | 1 |  1.6
Staves         | 1 |  1.6
Slings         | 1 |  1.6
Bows           | 1 |  1.6
Crossbows      | 1 |  1.6
Stealth        | 1 |  1.6
Shields        | 1 |  1.6
Unarmed Combat | 1 |  1.6
Evocations     | 1 |  1.6
Throwing       | 3 |  3.0
Armour         | 3 |  3.0
Conjurations   | 1 |  1.2
Hexes          | 1 |  1.2
Summonings     | 1 |  1.2
Necromancy     | 1 |  1.2
Transmutations | 1 |  1.2
Fire Magic     | 1 |  1.2
Ice Magic      | 1 |  1.2
Air Magic      | 1 |  1.2
Earth Magic    | 1 |  1.2
Poison Magic   | 1 |  1.2
Fighting       | |  4.8
Short Blades   | |  4.8
Dodging        | |  4.8
Translocations | |  5.5

Action                   |  1- 3 |  4- 6 || total
-------------------------+-------+-------++-------
Melee: Short sword       |   112 |    16 ||   128
       Bite              |    10 |     1 ||    11
 Fire: Hunting sling     |    50 |    82 ||   132
Throw: Boomerang         |     2 |       ||     2
 Cast: Blink             |     2 |     6 ||     8
  Use: Scroll            |       |     9 ||     9
       Potion            |       |     3 ||     3
 Stab: Sleeping          |       |     1 ||     1
Armor: Leather armour    |    42 |    10 ||    52
Dodge: Dodged            |    80 |    52 ||   132

Table legend: (Time is in decaauts)
 A = Elapsed time spent in this place.
 B = Non-inter-level travel time spent in this place.
 C = Inter-level travel time spent in this place.
 D = Time resting spent in this place.
 E = Time spent auto-exploring this place.
 F = Levels seen in this place.
 G = Mean time per level.
                   A        B        C        D        E       F      G
               +--------+--------+--------+--------+--------+-----+--------+
         Total |   3595 |   3538 |     57 |    481 |   2312 |   4 |  898.8 |
       Dungeon |   3091 |   3034 |     57 |    481 |   1899 |   3 | 1030.3 |
         Sewer |    504 |    504 |      0 |      0 |    413 |   1 |  504.0 |
               +--------+--------+--------+--------+--------+-----+--------+

Top non-repeatable levels by time:
     D:1: 1324 daAuts
     D:2: 1238 daAuts
     D:3: 528 daAuts
   Sewer: 504 daAuts
